 Dungeon Crawl Stone Soup version 0.29-a0-872-g797fff5ad1 (webtiles) character file.

Game seed: 17770477666376712847

325 xian the Covered (level 6, -2/47 HPs)
             Began as a Demonspawn Fighter on July 19, 2022.
             Slain by a killer bee (6 damage)
             ... on level 4 of the Dungeon.
             The game lasted 00:07:38 (2329 turns).

xian the Covered (Demonspawn Fighter)               Turns: 2329, Time: 00:07:42

Health: -2/47      AC: 12    Str: 18    XL:     6   Next: 24%
Magic:  6/6        EV:  5    Int: 15    God:
Gold:   209        SH:  5    Dex: 15    Spells: 5/5 levels left

rFire   . . .      SeeInvis .   f - +1 spear (vamp)
rCold   . . .      Faith    .   c - +0 buckler
rNeg    . . .      Spirit   .   q - +0 plate armour
rPois   .          Reflect  .   (no helmet)
rElec   .          Harm     .   (no cloak)
rCorr   .          Rampage  .   p - +0 pair of gloves
Will    .....                   (no boots)
Stlth   ..........              (no amulet)
HPRegen 0.15/turn               u - ring of flight
MPRegen 0.10/turn               w - +6 ring of intelligence

@: brilliant, lethally poisoned (-2 -> -6), attractive, flying
A: claws 1, thin skeletal structure 1, powered by pain 1
a: no special abilities


You were on level 4 of the Dungeon.
You visited 1 branch of the dungeon, and saw 4 of its levels.
You also visited: Sewer.

You collected 209 gold pieces.

Inventory:

Hand Weapons
 f - a +1 vampiric spear (weapon)
Armour
 b - a +0 scale mail
 c - a +0 buckler (worn)
 p - a +0 pair of gloves (worn)
 q - a +0 plate armour (worn)
Jewellery
 u - a ring of flight (left hand)
 w - a +6 ring of intelligence (right hand)
Wands
 k - a wand of charming (5)
 n - a wand of roots (13)
Scrolls
 g - a scroll of fog {unknown}
 h - a scroll of magic mapping
 l - a scroll of poison {unknown}
 m - a scroll of identify {unknown}
 r - a scroll of enchant armour {unknown}
 s - a scroll of summoning {unknown}
 v - a scroll of blinking {unknown}
Potions
 a - a potion of ambrosia {unknown}
 d - a potion of magic {unknown}
 e - a potion of attraction
 o - a potion of degeneration {unknown}
 t - a potion of haste {unknown}


   Skills:
 + Level 3.5 Fighting
 + Level 2.0 Long Blades
 + Level 3.1 Polearms
 + Level 4.0 Armour
 + Level 0.4 Dodging
 + Level 0.1 Stealth
 + Level 4.0 Shields
 + Level 0.1 Evocations


You had 5 spell levels left.
You didn't know any spells.
Your spell library contained the following spells:

 Spells                   Type           Power      Damage    Failure   Level
 Summon Small Mammal      Summ           0%         N/A       100%        1
 Call Canine Familiar     Summ           0%         N/A       100%        3
 Summon Guardian Golem    Hex/Summ       0%         N/A       100%        3


Dungeon Overview and Level Annotations

Branches:
Dungeon (4/15)              Sewer (visited)
 Temple: D:4-7

Altars:
Trog


Innate Abilities, Weirdness & Mutations

You have sharp fingernails.
You have a somewhat thin skeletal structure. (Dex +2, Stealth+)
You sometimes gain a little power by taking damage.


Message History

The killer bee stings you but does no damage.
Aiming: Charm
Press: ? - help, Shift-Dir - straight line, f - killer bee
Aim: a killer bee (chance to affect: 57%)
The killer bee resists with significant effort.
The killer bee stings you but does no damage.
The killer bee stings you.
* * * LOW HITPOINT WARNING * * *
You are lethally poisoned!
The killer bee poisons you!
Aiming: Fastroot
Press: ? - help, Shift-Dir - straight line, f/p - killer bee
Aim: a killer bee
Okay, then.
Aiming: Charm
Press: ? - help, Shift-Dir - straight line, f/p - killer bee
Aim: a killer bee (chance to affect: 57%)
The killer bee is charmed.
* * * LOW HITPOINT WARNING * * *
You feel very sick. The killer bee stings your killer bee!
The killer bee closely misses your killer bee.
* * * LOW HITPOINT WARNING * * *
You feel sick. The killer bee stings your killer bee!
Your killer bee misses the killer bee.
* * * LOW HITPOINT WARNING * * *
You feel sick.
Your killer bee completely misses the killer bee.
The killer bee stings your killer bee.
Your killer bee is poisoned.
The killer bee poisons your killer bee!
Your killer bee misses the killer bee.
The killer bee stings your killer bee but does no damage.
The killer bee is attracted toward you.
It was a potion of brilliance.
You feel clever all of a sudden.
* * * LOW HITPOINT WARNING * * *
You feel sick.
Your killer bee dies!
The killer bee stings you.
You die...

#.....# *,,*****
#....## **,,*,,,
#.#.## **,,*,*
#.### *,***, #.#
*,,,,, #.#
****** #.# * #.#
#####** #@#
#...y,, #y#
#.#.y,, #†#
#.#.#** #§#
#.#y# #.# #.#.#
#.##########.#.#
#...yy..†....$.#
############.###
#.#


You could see a killer bee.

Vanquished Creatures
  A water moccasin (Sewer)
  A killer bee (D:4)
  A gnoll bouda (D:3)
  Terence (D:3)
  4 adders
  A river rat (D:3)
  3 gnolls (D:3)
  A dart slug (D:2)
  An orc (D:2)
  12 ball pythons
  2 endoplasms
  5 giant cockroaches
  2 hobgoblins
  2 jackals (Sewer)
  7 kobolds
  4 bats
  5 frilled lizards
  5 rats
58 creatures vanquished.

Vanquished Creatures (others)
  A killer bee (D:4)
1 creature vanquished.

Grand Total: 59 creatures vanquished

Notes
Turn   | Place    | Note
-------+----------+-------------------------------------------
     0 | D:1      | xian the Demonspawn Fighter began the quest for the Orb.
     0 | D:1      | Reached XP level 1. HP: 18/18 MP: 1/1
   317 | D:2      | Found a bloodstained altar of Trog.
   459 | D:2      | Gained mutation: You sometimes gain a little power by
                  | taking damage. [demonic ancestry]
   459 | D:2      | Reached XP level 2. HP: 24/24 MP: 2/2
   745 | D:2      | Gained mutation: You have a somewhat thin skeletal
                  | structure. (Dex +2, Stealth+) [demonic ancestry]
   745 | D:2      | Reached XP level 3. HP: 17/29 MP: 3/3
  1349 | D:3      | Reached skill level 1 in Polearms
  1349 | D:3      | Reached XP level 4. HP: 28/35 MP: 4/4
  1388 | D:3      | Found a glowing drain.
  1451 | Sewer    | Entered a sewer
  1553 | Sewer    | Noticed a water moccasin
  1566 | Sewer    | Killed a water moccasin
  1567 | Sewer    | Reached XP level 5. HP: 14/41 MP: 5/5
  1917 | D:3      | Noticed Terence
  1947 | D:3      | Killed Terence
  1948 | D:3      | Gained mutation: You have sharp fingernails. [demonic
                  | ancestry]
  1948 | D:3      | Reached XP level 6. HP: 47/47 MP: 6/6
  2329 | D:4      | Slain by a killer bee

Illustrated notes

Levels and vault maps discovered:
D:1:      minmay_arrival_solitary_statue, layout_basic
D:2:      layout_loops_ring, basic_altar, small_statue_intersection
D:3:      layout_basic, portal_sewer_entry_a, grunt_ministairs_2, uniq_terence
D:4:      layout_loops_ring, nicolae_yredelemnul_corpse_copse,
          nicolae_shop_i_like_big_books, supply_closet_lemuel, uniq_eustachio

Skill      XL: |  1  2  3  4  5  6 |
---------------+-------------------+-----
Shields        | 3 4 |  4.0
Long Blades    | 2 |  2.0
Armour         | 3 4 |  4.0
Polearms       | 1 2 3 |  3.1
Fighting       | |  3.5
Dodging        | |  0.4
Stealth        | |  0.1
Evocations     | |  0.1

Action                   |  1- 3 |  4- 6 || total
-------------------------+-------+-------++-------
Melee: Spear             |   128 |   148 ||   276
       Long sword        |     8 |       ||     8
Evoke: Wand              |     1 |     4 ||     5
  Use: Potion            |     1 |     3 ||     4
       Scroll            |       |     1 ||     1
Armor: Scale mail        |    41 |       ||    41
       Plate armour      |    52 |   121 ||   173
Dodge: Dodged            |    52 |    51 ||   103
Block: Buckler           |    32 |    46 ||    78

Table legend: (Time is in decaauts)
 A = Elapsed time spent in this place.
 B = Non-inter-level travel time spent in this place.
 C = Inter-level travel time spent in this place.
 D = Time resting spent in this place.
 E = Time spent auto-exploring this place.
 F = Levels seen in this place.
 G = Mean time per level.
                   A        B        C        D        E       F      G
               +--------+--------+--------+--------+--------+-----+--------+
         Total |   2362 |   2341 |     21 |    232 |   1205 |   5 |  472.4 |
       Dungeon |   1945 |   1924 |     21 |      0 |   1138 |   4 |  486.2 |
         Sewer |    417 |    417 |      0 |    232 |     67 |   1 |  417.0 |
               +--------+--------+--------+--------+--------+-----+--------+

Top non-repeatable levels by time:
     D:2: 877 daAuts
     D:3: 609 daAuts
   Sewer: 417 daAuts
     D:1: 308 daAuts
     D:4: 149 daAuts
